 Dungeon Crawl Stone Soup version 0.19-a0-1008-g4c63d25 (webtiles) character file.

78 mistymad the Conjurer (level 4, 0/24 HPs)
             Began as a Deep Elf Conjurer on July 22, 2016.
             Killed from afar by epen's ghost (9 damage)
             ... with a zap
             ... on level 3 of the Dungeon.
             The game lasted 00:04:27 (1679 turns).

mistymad the Conjurer (Deep Elf Conjurer)           Turns: 1679, Time: 00:04:27

Health: 0/24       AC:  4    Str:  9    XL:     4   Next: 15%
Magic:  12/12      EV: 13    Int: 21    God:
Gold:   158        SH:  5    Dex: 15    Spells: 2 memorised, 9 levels left

rFire  . . .     SeeInvis .     (no weapon)
rCold  . . .     Gourm    .     a - +0 robe
rNeg   . . .     Faith    .     (no shield)
rPois  +         Spirit   .     (no helmet)
rElec  .         Dismiss  .     d - +0 cloak
rCorr  .         Reflect  +     (no gloves)
SustAt .         Harm     .     j - +0 pair of boots
MR     .....                    g - +5 amulet of reflection
Stlth  ++........               s - ring of poison resistance
                                o - +4 ring of strength

@: not resistant to hostile enchantments, unstealthy
A: no striking features
a: no special abilities


You were on level 3 of the Dungeon.
You were not hungry.

You visited 1 branch of the dungeon, and saw 3 of its levels.

You collected 158 gold pieces.

Inventory:

Armour
 a - a +0 robe (worn)
 d - a +0 cloak (worn)
 j - a +0 pair of boots (worn)
Jewellery
 g - a +5 amulet of reflection (around neck)
 o - a +4 ring of strength (left hand)
 s - a ring of poison resistance (right hand)
Scrolls
 f - a scroll of enchant armour {unknown}
 i - a scroll of remove curse {unknown}
 k - 2 scrolls of teleportation {unknown}
 l - 2 scrolls of enchant weapon {unknown}
 m - 2 scrolls of identify {unknown}
 q - 2 scrolls of magic mapping {unknown}
 t - a scroll of random uselessness {unknown}
 v - a scroll of blinking {unknown}
 w - 2 scrolls of amnesia {unknown}
Potions
 e - a potion of curing {unknown}
 n - a potion of flight {unknown}
 p - 2 potions of haste {unknown}
 r - a potion of cure mutation {unknown}
Books
 b - a book of Conjurations

   Spells                             Type                      Level
   a - Magic Dart                     Conjuration                  1
   b - Searing Ray                    Conjuration                  2
   c - Dazzling Spray                 Conjuration/Hexes            3
   d - Fulminant Prism                Conjuration/Hexes            4
   e - Iskenderun's Mystic Blast      Conjuration                  4
   f - Iskenderun's Battlesphere      Conjuration/Charms           5
Comestibles
 c - 3 bread rations
 h - 3 chunks of flesh
 u - a meat ration


   Skills:
 - Level 2.4 Dodging
 - Level 2.4 Stealth
 + Level 4.5 Spellcasting
 + Level 5.5 Conjurations


You had 9 spell levels left.
You knew the following spells:

 Your Spells              Type           Power        Failure   Level  Hunger
a - Magic Dart            Conj           ####         1%          1    None
b - Searing Ray           Conj           ####..       1%          2    #......


Dungeon Overview and Level Annotations

Branches:
Dungeon (3/15)

Altars:

Annotations:
D:3 epen's ghost, amateur TeAE


Message History

Press: ? - help, v - describe, . - travel
Here: epen's ghost The floor.
Epen's ghost casts a spell at you. The zap hits you!
You take 7 damage, and have 17/24 hp.
MASSIVE DAMAGE!!
MP restored: 12 Epen's ghost casts a spell.
Epen's ghost begins repelling missiles!
The rat twitches its whiskers.
Things that are here:
a short sword; 4 stones; a kobold corpse Epen's ghost casts a spell at you.
The zap hits you!
You take 10 damage, and have 8/24 hp.
MASSIVE DAMAGE!!
Epen's ghost casts a spell at you. The zap misses you.
Epen's ghost gestures at you while chanting.
The zap hits you!
You die...

#..............#
##....#.#
##############.#
####r#.# #.# #.#.#
#.# #.#.# #.#
#.#.# #)# #r#.##
#.# #.W... #.#
###...
#@###############.
#......Wr.........
##################


You could see epen's ghost and a rat.

Vanquished Creatures
  3 adders (D:2)
  A dart slug (D:1)
  2 giant geckos
  3 giant cockroaches
  4 goblins
  8 hobgoblins
  6 kobolds
  3 ball pythons
  9 bats
  A giant newt (D:2)
  8 rats
48 creatures vanquished.

Notes
Turn   | Place    | Note
-------+----------+-------------------------------------------
     0 | D:1      | mistymad the Deep Elf Conjurer began the quest for the Orb.
     0 | D:1      | Reached XP level 1. HP: 10/10 MP: 6/6
   247 | D:1      | Reached XP level 2. HP: 15/15 MP: 3/8
   653 | D:1      | Reached skill level 5 in Conjurations
   823 | D:1      | Reached XP level 3. HP: 19/19 MP: 5/10
  1171 | D:2      | You fall through a shaft!
  1185 | D:3      | Learned a level 2 spell: Searing Ray
  1368 | D:2      | Reached XP level 4. HP: 19/24 MP: 8/12
  1653 | D:3      | Noticed epen's ghost (amateur TeAE)
  1679 | D:3      | Killed from afar by epen's ghost

Vault maps used:
D:1:      scummos_arrival_star
D:2:      first_bread
D:3:      uniq_crazy_yiuf_cottage

Skill      XL: |  1  2  3 |
---------------+----------+-----
Conjurations   | 5 |  5.5
Spellcasting   | 4 |  4.5
Dodging        | |  2.4
Stealth        | |  2.4

Action                   |  1- 3 |  4- 6 || total
-------------------------+-------+-------++-------
Melee: Unarmed           |    13 |       ||    13
 Cast: Magic Dart        |    68 |    13 ||    81
  Eat: Chunk             |     1 |     1 ||     2
Armor: Robe              |    14 |       ||    14
Dodge: Dodged            |    23 |     7 ||    30
Block: Other             |    12 |       ||    12
